 Dungeon Crawl Stone Soup version 0.30-a0-118-ga018f8e90f (webtiles) character file.

Game seed: 3898631752729867834

27 zishaf the Trooper (level 3, -1/31 HPs)
             Began as a Ghoul Warper on Sept 13, 2022.
             Slain by Robin
             ... wielding a +0 trident
              (4 damage)
             ... on level 2 of the Dungeon.
             The game lasted 00:02:38 (1471 turns).

zishaf the Trooper (Ghoul Warper)                   Turns: 1471, Time: 00:02:39

Health: -1/31      AC:  5    Str: 16    XL:     3   Next: 10%
Magic:  4/4        EV: 11    Int:  8    God:
Gold:   67         SH:  0    Dex:  8    Spells: 5/5 levels left

rFire   . . .      SeeInvis .      - Unarmed
rCold   + . .      Faith    .    (no shield)
rNeg    + + +      Spirit   .    a - +0 leather armour
rPois   ∞          Reflect  .    f - +2 hat
rElec   .          Harm     .    (no cloak)
rCorr   .          Rampage  .    (no gloves)
Will    .....                    (no boots)
Stlth   +.........               (no amulet)
HPRegen 0.00/turn                (no ring)
MPRegen 0.09/turn                (no ring)

@: inhibited regen
A: claws 1, cold resistance 1, negative energy resistance 3, inhibited
regeneration, torment resistance 2, devour on kill
a: no special abilities


You were on level 2 of the Dungeon.
You visited 1 branch of the dungeon, and saw 2 of its levels.

You collected 67 gold pieces.

Inventory:

Missiles
 c - a boomerang of dispersal (quivered)
 d - 3 atropa-tipped darts
Armour
 a - a +0 leather armour (worn)
 f - a +2 hat (worn)
Scrolls
 e - a scroll of identify {unknown}
 g - a scroll of summoning {unknown}
 h - a scroll of vulnerability {unknown}


   Skills:
 * Level 3.1 Fighting
 - Level 0.8 Throwing
 + Level 1.4 Armour
 + Level 2.1 Dodging
 - Level 2.1 Unarmed Combat
 - Level 1.7 Spellcasting
 - Level 2.6 Translocations


You had 5 spell levels left.
You didn't know any spells.
Your spell library contained the following spells:

 Spells                   Type           Power      Damage    Failure   Level
 Blink                    Tloc           10%        N/A       22%         2
 Gell's Gravitas          Tloc           5%         N/A       41%         3
 Lesser Beckoning         Tloc           5%         N/A       41%         3
 Teleport Other           Tloc           5%         N/A       41%         3
 Manifold Assault         Tloc           5%         N/A       83%         4


Dungeon Overview and Level Annotations

Branches:
Dungeon (2/15)

Altars:

Shops:
D:1 (

Annotations:
D:2 Robin


Innate Abilities, Weirdness & Mutations

You are immune to poison.
You have sharp fingernails.
Your flesh is cold resistant. (rC+)
You are immune to negative energy. (rN+++)
You do not regenerate when monsters are visible.
You are immune to unholy pain and torment.
You thrive by killing the living.


Message History

Robin barely misses you.
There is a stone staircase leading up here.
Robin hits you with a +0 trident.
You closely miss Robin. Robin hits you with a +0 trident!
You closely miss Robin. Robin closely misses you.
You scratch Robin.
Robin is lightly wounded.
Robin barely misses you.
You scratch Robin but do no damage.
Robin is lightly wounded.
Robin says, "My army is invincible!"
Robin barely misses you.
You scratch Robin.
Robin is moderately wounded.
Robin hits you with a +0 trident.
You scratch Robin but do no damage.
Robin is moderately wounded.
Robin hits you with a +0 trident.
You barely miss Robin.
Robin is moderately wounded.
Robin says, "My goblins will feast on your bones."
Robin misses you.
You barely miss Robin.
Robin is moderately wounded.
Robin hits you with a +0 trident.
You barely miss Robin.
Robin is moderately wounded.
Robin hits you with a +0 trident.
* * * LOW HITPOINT WARNING * * *
You scratch Robin but do no damage.
Robin is moderately wounded.
Robin hits you with a +0 trident.
* * * LOW HITPOINT WARNING * * *
You scratch Robin.
Robin is heavily wounded.
Robin closely misses you.
You scratch Robin.
Robin is severely wounded.
Robin hits you with a +0 trident.
You die...

##### ## ..#.. ..#
#.#.# #.# #.#.# #.#
#J#.# #.# # #.#.#
#.#.#
######.#.####.#.#####
..?.....g@...........
######.#.#<##.#.####
#.#.#.##.# #.#...##"#
#g######†#
######g######.#
.g..g...g.)...#
########g###### #.##


You could see Robin.

Vanquished Creatures
  3 endoplasms (D:1)
  9 goblins
  4 hobgoblins (D:1)
  A quokka (D:1)
  3 bats
  2 kobolds (D:1)
  A rat (D:1)
23 creatures vanquished.

Vanquished Creatures (others)
  A fungus (D:1)
1 creature vanquished.

Grand Total: 24 creatures vanquished

Notes
Turn   | Place    | Note
-------+----------+-------------------------------------------
     0 | D:1      | zishaf the Ghoul Warper began the quest for the Orb.
     0 | D:1      | Reached XP level 1. HP: 17/17 MP: 2/2
    58 | D:1      | Reached skill level 1 in Armour
   228 | D:1      | Reached XP level 2. HP: 20/25 MP: 3/3
   359 | D:1      | Found Cugema's Antique Weapon Shoppe.
   440 | D:1      | Found a faded altar of an unknown god.
   870 | D:2      | Noticed Robin
   879 | D:2      | Reached skill level 3 in Fighting
   886 | D:1      | HP: 1/26 [goblin/+0 dagger[Robin] (4)]
  1405 | D:1      | Reached XP level 3. HP: 24/31 MP: 4/4
  1471 | D:2      | Slain by Robin

Illustrated notes

Levels and vault maps discovered:
D:1:      lemuel_arrival_muddy, layout_basic, dreamdust_ecumenical_altar_grove,
          serial_shops, nicolae_shop_crystal
D:2:      layout_basic, dk_noncrumbling_3, uniq_robin

Skill      XL: |  1  2 |
---------------+-------+-----
Armour         | 1 |  1.4
Dodging        | 2 |  2.1
Fighting       | 3 |  3.1
Throwing       | |  0.8
Unarmed Combat | |  2.1
Spellcasting   | |  1.7
Translocations | |  2.6

Action                   || total
-------------------------++-------
Melee: Unarmed           ||    79
       Punch             ||     1
Throw: Boomerang         ||     6
  Use: Scroll            ||     1
Armor: Leather armour    ||    40
Dodge: Dodged            ||    57

Table legend: (Time is in decaauts)
 A = Elapsed time spent in this place.
 B = Non-inter-level travel time spent in this place.
 C = Inter-level travel time spent in this place.
 D = Time resting spent in this place.
 E = Time spent auto-exploring this place.
 F = Levels seen in this place.
 G = Mean time per level.
                   A        B        C        D        E       F      G
               +--------+--------+--------+--------+--------+-----+--------+
         Total |   1472 |   1386 |     86 |    415 |    698 |   2 |  736.0 |
       Dungeon |   1472 |   1386 |     86 |    415 |    698 |   2 |  736.0 |
               +--------+--------+--------+--------+--------+-----+--------+

Top non-repeatable levels by time:
     D:1: 1401 daAuts
     D:2: 70 daAuts
